 Dungeon Crawl Stone Soup version 0.22-a0-433-gd2a9cce (webtiles) character file.

50 KristoblXynda the Poker (level 3, 0/29 HPs)
             Began as a Centaur Gladiator on May 28, 2018.
             Slain by Natasha (7 damage)
             ... on level 2 of the Dungeon.
             The game lasted 00:01:30 (810 turns).

KristoblXynda the Poker (Centaur Gladiator)          Turns: 810, Time: 00:01:31

Health: 0/29       AC:  5    Str: 13 (16) XL:     3   Next: 55%
Magic:  3/3        EV: 10    Int:  5 (8)  God:
Gold:   37         SH:  0    Dex:  9 (10) Spells: 2/2 levels left

rFire    . . .     SeeInvis .   a - +0 trident
rCold    . . .     Gourm    .   (no shield)
rNeg     . . .     Faith    .   b - +0 leather armour
rPois    .         Spirit   .   c - +0 helmet
rElec    .         Reflect  .   (no cloak)
rCorr    .         Harm     .   (no gloves)
MR       .....                  (no barding)
Stlth    ..........             (no amulet)
HPRegen  0.09/turn              l - ring of wizardry
MPRegen  0.08/turn              (no ring)

@: very quick
A: large, hooves 3, deformed body, speed 2, tough skin 3
a: no special abilities


You were on level 2 of the Dungeon.
You were not hungry.

You visited 1 branch of the dungeon, and saw 2 of its levels.

You collected 37 gold pieces.

Inventory:

Hand Weapons
 a - a +0 trident (weapon)
Missiles
 d - 3 throwing nets (quivered)
Armour
 b - a +0 leather armour (worn)
 c - a +0 helmet (worn)
Jewellery
 l - a ring of wizardry (left hand)
Scrolls
 e - a scroll of remove curse {unknown}
 h - a scroll of random uselessness {unknown}
 i - a scroll of noise {unknown}
 k - 3 scrolls of identify {unknown}
 m - a scroll of blinking {unknown}
Comestibles
 f - 4 rations


   Skills:
 - Level 2.0 Fighting
 * Level 3.8 Polearms
 - Level 2.1 Throwing
 + Level 2.6 Dodging


You had 2 spell levels left.
You didn't know any spells.
Your spell library was empty.

Dungeon Overview and Level Annotations

Branches:
Dungeon (2/15)

Altars:

Annotations:
D:2 Natasha


Innate Abilities, Weirdness & Mutations

You have hooves in place of feet.
Armour fits poorly on your strangely shaped body.
You cover ground very quickly.
You have extremely tough skin. (AC +3)


Message History

Your leather armour prevents you from hitting Natasha.
Natasha is severely wounded.
Natasha mumbles some strange words.
You feel troubled. Natasha barely misses you.
You hit Natasha. Your kick misses Natasha.
Natasha is almost dead.
Natasha closely misses you.
You closely miss Natasha.
Natasha is almost dead.
Natasha stares at you and mumbles some strange words.
The magic dart hits you! Natasha barely misses you.
You closely miss Natasha.
Natasha is almost dead.
Natasha claws you!
* * * LOW HITPOINT WARNING * * *
You barely miss Natasha.
Natasha is almost dead.
Natasha claws you!
You die...

####.# .....## g.....#
h.....# ##### ......$
#...# .....#
###########.#.######.....#
...)†.......#...@hg55.#
####################....#
#### .#### .).# .# ##.# ..
.. ## ##


You could see Natasha, 2 crimson imps and a hobgoblin.

Vanquished Creatures
  2 dart slugs (D:1)
  A leopard gecko (D:1)
  6 goblins
  5 hobgoblins (D:1)
  8 jackals
  4 kobolds
  4 bats
  5 frilled lizards (D:1)
  7 rats (D:1)
42 creatures vanquished.

Notes
Turn   | Place    | Note
-------+----------+-------------------------------------------
     0 | D:1      | KristoblXynda the Centaur Gladiator began the quest for the Orb.
     0 | D:1      | Reached XP level 1. HP: 17/17 MP: 1/1
    49 | D:1      | Reached skill level 3 in Polearms
    59 | D:1      | Reached XP level 2. HP: 18/24 MP: 2/2
   339 | D:1      | Reached XP level 3. HP: 15/29 MP: 3/3
   707 | D:2      | Found a faded altar of an unknown god.
   788 | D:2      | Noticed Natasha
   810 | D:2      | Slain by Natasha

Vault maps used:
D:1:      tarquinn_simple_flora_water_a
D:2:      lemuel_doored_altar, chequers_ecumenical_altar_grove, uniq_terence,
          uniq_natasha, uniq_sigmund

Skill      XL: |  1 |
---------------+----+-----
Polearms       | 3 |  3.8
Fighting       | |  2.0
Throwing       | |  2.1
Dodging        | |  2.6

Action                   || total
-------------------------++-------
Melee: Trident           ||   128
       Kick              ||    21
  Use: Potion            ||     2
Armor: Leather armour    ||    42
Dodge: Dodged            ||    88

Table legend:
 A = Spawn XP
 B = Non-spawn XP
 C = Spawn XP percentage of total XP
 D = Spawn monster count
 E = Non-spawn monster count
 F = Spawn count percentage of total count
 G = Total turns spent on level
                    A         B        C        D         E        F      G
               +---------+---------+-------+---------+---------+-------+---------
         Total |       0 |      72 |   0.0 |       0 |      42 |   0.0 |   810
               +---------+---------+-------+---------+---------+-------+---------
           D:1 |       0 |      59 |   0.0 |       0 |      34 |   0.0 |   640
           D:2 |       0 |      13 |   0.0 |       0 |       8 |   0.0 |   170
               +---------+---------+-------+---------+---------+-------+---------
